 Dungeon Crawl Stone Soup version 0.27-a0-1347-gd8886f0a89 (webtiles) character file.

Game seed: 13837649234318996176

41 tilp the Caller (level 3, -3/27 HPs)
             Began as a Barachi Summoner on June 27, 2021.
             Shot with an arrow by a centaur (11 damage)
             ... on level 4 of the Dungeon.
             The game lasted 00:03:06 (2519 turns).

tilp the Caller (Barachi Summoner)                  Turns: 2519, Time: 00:03:06

Health: -3/27      AC:  4    Str: 10    XL:     3   Next: 52%
Magic:  1/7        EV: 12    Int: 15    God:
Gold:   145        SH:  0    Dex: 12    Spells: 1/7 levels left

rFire    . . .     SeeInvis .   a - +0 mace
rCold    . . .     Faith    .   (no shield)
rNeg     . . .     Spirit   .   d - +0 robe
rPois    .         Reflect  .   (no helmet)
rElec    .         Harm     .   (no cloak)
rCorr    .         Rampage  .   m - +1 pair of gloves
Will     .....                  (no boots)
Stlth    ++........             (no amulet)
HPRegen  0.09/turn              (no ring)
MPRegen  0.10/turn              (no ring)

@: about to teleport, unable to hop, slow
A: amphibious, slowness 1, strong legs 1, +LOS
a: Hop


You were on level 4 of the Dungeon.
You visited 1 branch of the dungeon, and saw 4 of its levels.

You collected 145 gold pieces.

Inventory:

Hand Weapons
 a - a +0 mace (weapon)
 e - a +0 spear
Missiles
 h - 19 poisoned darts (quivered)
Armour
 d - a +0 robe (worn)
 m - a +1 pair of gloves (worn)
Jewellery
 g - a ring of protection from fire
Wands
 l - a wand of mindburst (15)
Scrolls
 c - 3 scrolls of teleportation
Potions
 b - a potion of might
 f - a potion of mutation
 i - a potion of cancellation
 j - a potion of lignification {unknown}
 k - a potion of magic {unknown}


   Skills:
 - Level 2.0 Fighting
 - Level 2.1 Dodging
 - Level 1.7 Stealth
 + Level 2.9 Spellcasting
 + Level 5.3 Summonings


You had one spell level left.
You knew the following spells:

 Your Spells              Type           Power      Damage    Failure   Level
a - Summon Small Mammal   Summ           72%        N/A       2%          1
b - Call Imp              Summ           18%        N/A       3%          2
c - Call Canine Familiar  Summ           18%        N/A       7%          3

Your spell library contained the following spells:

 Spells                   Type           Power      Damage    Failure   Level
 Animate Skeleton         Necr           4%         N/A       21%         1
 Pain                     Necr           8%         1d4       21%         1
 Summon Guardian Golem    Hex/Summ       10%        N/A       21%         3
 Vampiric Draining        Necr           1%         2d6       52%         3
 Summon Ice Beast         Ice/Summ       10%        N/A       56%         4
 Summon Lightning Spire   Summ/Air       10%        N/A       56%         4
 Animate Dead             Necr           1%         N/A       90%         4
 Agony                    Necr           2%         N/A       99%         5


Dungeon Overview and Level Annotations

Branches:
Dungeon (3/15)

Altars:


Innate Abilities, Weirdness & Mutations

You are amphibious.
You cover ground slowly.
You can hop short distances.
You have an extended range of vision and can be seen from far away.


Message History

Casting: Call Canine Familiar (quite dangerous; 7% risk of failure)
Confirm with . or Enter, or press ? or * to list all spells.
A shadowy apparition takes form in the air.
The howler monkey howls!
The centaur shoots an arrow.
The arrow hits you!
Unknown command.
Casting: Call Imp (safe; 3% risk of failure)
Confirm with . or Enter, or press ? or * to list all spells.
A shadowy apparition takes form in the air.
The centaur shoots an arrow.
The arrow hits you.
An iguana comes into view.
Unknown command.
The centaur shoots an arrow.
The arrow barely misses your shadow imp.
The arrow hits you.
* * * LOW HITPOINT WARNING * * *
An adder skeleton comes into view.
The centaur shoots an arrow.
The arrow barely misses your shadow imp.
The arrow hits you.
* * * LOW HITPOINT WARNING * * *
Your shadow imp hits the centaur but does no damage.
Found a stone staircase leading down.
The centaur shoots an arrow.
The arrow hits your shadow imp.
Your iron imp hits the centaur!
Your shadow imp hits the centaur but does no damage.
The centaur shoots an arrow.
The arrow hits your shadow imp.
Unknown command.
As you read the scroll of teleportation, it crumbles to dust.
You feel strangely unstable.
The centaur unwields a +0 shortbow.
The centaur closely misses your shadow imp.
The centaur kicks your shadow imp.
Your shadow imp dies!
Your iron imp completely misses the centaur.
A hound skeleton comes into view.
Hop to where?
Press: ? - help, Dir - move target Boing!
The centaur wields a +0 shortbow.
The centaur shoots an arrow.
The arrow hits you!
You die...

# .# #.#
############c##....
#...@>...☼.[5....#
......########5....#Z.
.... #.......##.#....
.. ..l....5### Z. .
........ .. ........ .
........ ........
........


You could see a centaur (ally target), a friendly iron imp (summoned) and a
friendly shadow imp (summoned).

Vanquished Creatures
  An adder (D:2)
  A dart slug (D:2)
  3 ball pythons (D:1)
  3 giant cockroaches
  2 goblins (D:1)
  A kobold (D:1)
  3 bats
  A frilled lizard (D:2)
  2 rats
17 creatures vanquished.

Vanquished Creatures (collateral kills)
  A bat (D:2)
  2 endoplasms (D:1)
  A giant cockroach (D:1)
  2 goblins
  A hobgoblin (D:1)
  2 kobolds
  4 quokkas (D:1)
  3 ball pythons (D:1)
  A frilled lizard (D:1)
  A rat (D:1)
18 creatures vanquished.

Grand Total: 35 creatures vanquished

Notes
Turn   | Place    | Note
-------+----------+-------------------------------------------
     0 | D:1      | tilp the Barachi Summoner began the quest for the Orb.
     0 | D:1      | Reached XP level 1. HP: 13/13 MP: 3/3
    74 | D:1      | Reached skill level 1 in Fighting
   106 | D:1      | Found a faded altar of an unknown god.
   598 | D:1      | Reached XP level 2. HP: 14/22 MP: 0/5
  1005 | D:1      | Reached skill level 5 in Summonings
  1632 | D:2      | Reached XP level 3. HP: 27/27 MP: 2/6
  1635 | D:2      | Learned a level 2 spell: Call Imp
  1639 | D:2      | Learned a level 3 spell: Call Canine Familiar
  2512 | D:3      | You fall into a shaft and drop 1 floor!
  2512 | D:4      | Noticed a centaur
  2519 | D:4      | Shot with an arrow by a centaur

Illustrated notes

Levels and vault maps discovered:
D:1:      minmay_arrival_three_doors, layout_basic,
          ebering_ecumenical_altar_abandoned
D:2:      layout_basic
D:3:      layout_basic
D:4:      layout_rooms, uniq_grinder

Skill      XL: |  1  2 |
---------------+-------+-----
Fighting       | 1 2 |  2.0
Summonings     | 5 |  5.3
Dodging        | |  2.1
Stealth        | |  1.7
Spellcasting   | |  2.9

Action                   || total
-------------------------++-------
Melee: Unarmed           ||     9
       Mace              ||    58
 Cast: Summon Small Mamm ||    45
       Call Imp          ||    10
 Abil: Hop               ||     2
  Use: Scroll            ||     7
 Stab: Sleeping          ||     2
       Distracted        ||     1
Armor: Robe              ||    19
Dodge: Dodged            ||    66

Table legend: (Time is in decaauts)
 A = Elapsed time spent in this place.
 B = Non-inter-level travel time spent in this place.
 C = Inter-level travel time spent in this place.
 D = Time resting spent in this place.
 E = Time spent auto-exploring this place.
 F = Levels seen in this place.
 G = Mean time per level.
                   A        B        C        D        E       F      G
               +--------+--------+--------+--------+--------+-----+--------+
         Total |   2811 |   2673 |    138 |    160 |   2151 |   4 |  702.8 |
       Dungeon |   2811 |   2673 |    138 |    160 |   2151 |   4 |  702.8 |
               +--------+--------+--------+--------+--------+-----+--------+

Top non-repeatable levels by time:
     D:1: 1776 daAuts
     D:2: 879 daAuts
     D:3: 148 daAuts
     D:4: 7 daAuts
